 Dungeon Crawl Stone Soup version 0.28.0-45-g0d030f2227 (webtiles) character file.

Game seed: 4813462664853534053

38 101zpm the Chiller (level 3, -6/19 HPs)
             Began as a Deep Elf Ice Elementalist on Apr 20, 2022.
             Mangled by an orc
             ... wielding a +0 flail
              (10 damage)
             ... on level 2 of the Dungeon.
             The game lasted 00:02:41 (1515 turns).

101zpm the Chiller (Deep Elf Ice Elementalist)      Turns: 1515, Time: 00:02:41

Health: -6/19      AC:  2    Str:  5    XL:     3   Next: 25%
Magic:  10/10      EV: 13    Int: 21    God:
Gold:   5          SH:  0    Dex: 15    Spells: 8/9 levels left

rFire   . . .      SeeInvis .   c - +0 long sword
rCold   . . .      Faith    .   (no shield)
rNeg    . . .      Spirit   .   a - +0 robe
rPois   .          Reflect  .   (no helmet)
rElec   .          Harm     .   (no cloak)
rCorr   .          Rampage  .   (no gloves)
Will    .....                   (no boots)
Stlth   ++........              (no amulet)
HPRegen 0.06/turn               (no ring)
MPRegen 0.12/turn               (no ring)

@: no status effects
A: no striking features
a: no special abilities


You were on level 2 of the Dungeon.
You visited 1 branch of the dungeon, and saw 3 of its levels.

You collected 5 gold pieces.

Inventory:

Hand Weapons
 c - a +0 long sword (weapon)
Missiles
 b - 3 poisoned darts
Armour
 a - a +0 robe (worn)
Jewellery
 f - an amulet of the acrobat
Scrolls
 d - a scroll of holy word {unknown}
 g - a scroll of identify {unknown}
 h - 3 scrolls of fog {unknown}
Potions
 e - a potion of curing {unknown}
 i - a potion of magic {unknown}
 j - a potion of flight {unknown}


   Skills:
 + Level 3.0 Dodging
 + Level 2.7 Stealth
 + Level 3.7 Spellcasting
 + Level 4.9 Ice Magic


You had 8 spell levels left.
You knew the following spells:

 Your Spells              Type           Power      Damage    Failure   Level
a - Freeze                Ice            96%        1d11      1%          1

Your spell library contained the following spells:

 Spells                   Type           Power      Damage    Failure   Level
 Frozen Ramparts          Ice            48%        1d6       4%          3
 Ozocubu's Armour         Ice            24%        N/A       4%          3
 Portal Projectile        Hex/Tloc       6%         N/A       36%         3
 Stone Arrow              Conj/Erth      6%         3d7       36%         3
 Hailstorm                Conj/Ice       14%        3d5       41%         4
 Animate Armour           Summ/Erth      6%         N/A       77%         4
 Blade Hands              Tmut           1%         N/A       98%         5
 Excruciating Wounds      Necr           1%         N/A       98%         5
 Lehudib's Crystal Spear  Conj/Erth      1%         10d2      100%        8


Dungeon Overview and Level Annotations

Branches:
Dungeon (3/15)

Altars:


Message History

The orc shouts!
You hear a bark!
The orc misses you.
You closely miss the orc. The orc hits you with a +0 falchion.
You barely miss the orc. The orc closely misses you.
You closely miss the orc. The orc hits you but does no damage.
An orc comes into view. It is wielding a +0 flail.
The orc hits you with a +0 falchion.
You hit the orc.
The orc is severely wounded.
The orc barely misses you. The orc closely misses you.
The orc barely misses you.
You barely miss the orc.
The orc is severely wounded.
The orc barely misses you. The orc hits you with a +0 whip.
The orc hits you with a +0 hand axe. The orc barely misses you.
You closely miss the orc.
The orc is severely wounded.
The orc hits you with a +0 whip. The orc hits you with a +0 hand axe.
The orc hits you with a +0 falchion.
* * * LOW HITPOINT WARNING * * *
The orc misses you.
You are too injured to fight recklessly!
You are too injured to fight recklessly!
You are too injured to fight recklessly!
The orc barely misses you.
There is an open door here.
The orc closely misses you. The orc closely misses you.
There is a stone staircase leading up here.
The orc closely misses you.
You climb upwards.
There is a stone staircase leading down here.
You hit the orc.
The orc is moderately wounded.
The orc misses you.
You barely miss the orc.
The orc is moderately wounded.
The orc hits you with a +0 flail!
Ouch! That really hurt!
You die...

#........## ####
##......## #####..#
..).....####.....##
##.......#.....###
#...........####
.....(...#.##
........#..######
...#........>...####
........#.##....@o.#
..........#..#######
............##
............#
............#
............#
......<.....#########
....<..........##...#
....................#


You could see an orc.

Vanquished Creatures
  An adder (D:2)
  An ufetubus (D:2)
  A worm (D:2)
  A bat (D:3)
  3 endoplasms
  3 goblins
  A hobgoblin (D:2)
  A quokka (D:2)
  4 ball pythons
  A frilled lizard (D:1)
  2 kobolds (D:2)
  4 rats (D:2)
23 creatures vanquished.

Notes
Turn   | Place    | Note
-------+----------+-------------------------------------------
     0 | D:1      | 101zpm the Deep Elf Ice Elementalist began the quest for
                  | the Orb.
     0 | D:1      | Reached XP level 1. HP: 10/10 MP: 6/6
   278 | D:1      | You fall into a shaft and drop 1 floor!
   504 | D:2      | Reached XP level 2. HP: 15/15 MP: 6/8
  1051 | D:2      | Reached XP level 3. HP: 19/19 MP: 7/10
  1515 | D:2      | Mangled by an orc

Illustrated notes

Levels and vault maps discovered:
D:1:      minmay_arrival_up_and_down, layout_loops_ring
D:2:      layout_rooms, grunt_decor_cap, kennysheep_generic_room_9
D:3:      layout_basic, nicolae_overflow_crystal_walls,
          shapermc_ecumenical_altar_hornbeckon

Skill      XL: |  1  2  3 |
---------------+----------+-----
Dodging        | 3 |  3.0
Stealth        | |  2.7
Spellcasting   | |  3.7
Ice Magic      | |  4.9

Action                   || total
-------------------------++-------
Melee: Long sword        ||    27
 Cast: Freeze            ||    28
 Stab: Sleeping          ||     2
Armor: Robe              ||     9
Dodge: Dodged            ||    51
